 Dungeon Crawl Stone Soup version 0.26-a0-540-g8a0c9464d7 (webtiles) character file.

Game seed: 3054689793588202374

37 Ge0ff the Sneak (level 3, -2/26 HPs)
             Began as a Human Enchanter on Aug 15, 2020.
             Slain by a hobgoblin
             ... wielding a cursed -3 club
              (5 damage)
             ... on level 1 of the Dungeon.
             The game lasted 00:03:11 (2351 turns).

Ge0ff the Sneak (Human Enchanter)                   Turns: 2351, Time: 00:03:12

Health: -2/26      AC:  2    Str:  8    XL:     3   Next: 62%
Magic:  1/6        EV: 12    Int: 16    God:
Gold:   64         SH:  0    Dex: 13    Spells: 3/6 levels left

rFire    . . .     SeeInvis .   a - +1 dagger
rCold    . . .     Faith    +   (no shield)
rNeg     . . .     Spirit   .   b - +0 robe
rPois    .         Reflect  .   (no helmet)
rElec    .         Harm     .   (no cloak)
rCorr    .                      (no gloves)
MR       +....                  (no boots)
Stlth    +++.......             k - amulet of faith
HPRegen  0.08/turn              c - ring of protection from magic {=R}
MPRegen  0.10/turn              h - ring of stealth

@: no status effects
A: no striking features
a: no special abilities


You were on level 1 of the Dungeon.
You visited 1 branch of the dungeon, and saw 2 of its levels.

You collected 64 gold pieces.

Inventory:

Hand Weapons
 a - a +1 dagger (weapon)
Missiles
 e - 40 stones (quivered) {don't train}
Armour
 b - a +0 robe (worn)
Jewellery
 c - a ring of protection from magic (left hand) {=R}
 h - a ring of stealth (right hand)
 k - an amulet of faith (around neck)
Scrolls
 d - 3 scrolls of identify {unknown}
 f - a scroll of amnesia {unknown}
 j - a scroll of enchant armour {unknown}
Potions
 g - a potion of curing {unknown}
 i - a potion of haste {unknown}
 l - a potion of flight {unknown}


   Skills:
 - Level 1.0 Fighting
 + Level 1.8 Short Blades
 - Level 2.0 Dodging
 + Level 3.2 Stealth
 - Level 2.0 Spellcasting
 + Level 3.2 Hexes
 * Level 1.3 Ice Magic


You had 3 spell levels left.
You knew the following spells:

 Your Spells              Type           Power        Failure   Level
a - Corona                Hex            ##.....      5%          1
k - Ensorcelled Hibernat  Hex/Ice        #.....       12%         2

Your spell library contained the following spells:

 Spells                   Type           Power        Failure   Level
 Confusing Touch          Hex            ##......     17%         3
 Tukima's Dance           Hex            ##......     17%         3
 Dazzling Flash           Conj/Hex       #.....       32%         3


Dungeon Overview and Level Annotations

Branches:
Dungeon (2/15)

Altars:

Annotations:
D:2 Robin


Message History

The hobgoblin is severely wounded.
The hobgoblin barely misses you. The hobgoblin closely misses you.
You hit the hobgoblin but do no damage.
The hobgoblin is severely wounded.
The hobgoblin hits you with a cursed -3 club.
The hobgoblin barely misses you.
You hit the hobgoblin.
The hobgoblin is almost dead.
The hobgoblin hits you with a cursed -3 club.
* * * LOW HITPOINT WARNING * * *
You barely miss the hobgoblin.
The hobgoblin is almost dead.
The hobgoblin hits you with a +0 club.
* * * LOW HITPOINT WARNING * * *
The hobgoblin hits you but does no damage.
You hit the hobgoblin.
You kill the hobgoblin!
You see here a +0 club {don't train}.
The hobgoblin hits you with a cursed -3 club.
You die...

..........##.###........)........
...#.#.....#.# #.##..#.#.#.#.#.#.
...#.##...##.# #.####............
####.........# #.# #.#.#.#.#.#.#
#####.##### #.# ##........... #.#
#># #.#.#.#.#.#. ##'##
#)#####........... ##...##
#g#......#.#.#.#.# ##.....##
#@#.####.......... # ##.......##
#.#.####..#.#.#.#.
####.........###......#.#........
...'.........'...................
####.........####....##.######...
# ##.......## ##.#.##.# #.#.
##.....## #......# #.## ##...##
###.#### #... ##'## #.# ###.


You could see a hobgoblin.

Vanquished Creatures
  A worm (D:1)
  A dart slug (D:1)
  3 giant cockroaches
  9 goblins
  5 hobgoblins
  2 kobolds (D:1)
  2 bats (D:1)
  A frilled lizard (D:1)
  3 rats (D:1)
27 creatures vanquished.

Notes
Turn   | Place    | Note
-------+----------+-------------------------------------------
     0 | D:1      | Ge0ff the Human Enchanter began the quest for the Orb.
     0 | D:1      | Reached XP level 1. HP: 13/13 MP: 3/3
   502 | D:1      | Reached XP level 2. HP: 12/20 MP: 3/5
   645 | D:1      | Reached skill level 1 in Fighting
   649 | D:1      | Learned a level 2 spell: Ensorcelled Hibernation
  1865 | D:2      | Reached XP level 3. HP: 25/26 MP: 6/6
  1948 | D:2      | Reached skill level 1 in Ice Magic
  1999 | D:2      | Noticed Robin
  2351 | D:1      | Slain by a hobgoblin

Illustrated notes

Levels and vault maps discovered:
D:1:      giann_horns, layout_loops_corners, hex_large, minmay_domino_2
D:2:      layout_basic, nicolae_overflow_crystal_walls, uniq_robin, uniq_natasha

Skill      XL: |  1  2  3 |
---------------+----------+-----
Fighting       | 1 |  1.0
Ice Magic      | 1 |  1.3
Short Blades   | |  1.8
Dodging        | |  2.0
Stealth        | |  3.2
Spellcasting   | |  2.0
Hexes          | |  3.2

Action                   || total
-------------------------++-------
Melee: Dagger            ||    98
Throw: Stone             ||    25
 Cast: Corona            ||     4
       Ensorcelled Hiber ||    10
 Stab: Sleeping          ||    10
Armor: Robe              ||     7
Dodge: Dodged            ||    42

Table legend: (Time is in decaauts)
 A = Elapsed time spent in this place.
 B = Non-inter-level travel time spent in this place.
 C = Inter-level travel time spent in this place.
 D = Time resting spent in this place.
 E = Time spent auto-exploring this place.
 F = Levels seen in this place.
 G = Mean time per level.
                   A        B        C        D        E       F      G
               +--------+--------+--------+--------+--------+-----+--------+
         Total |   2345 |   2294 |     51 |      0 |   1967 |   2 | 1172.5 |
       Dungeon |   2345 |   2294 |     51 |      0 |   1967 |   2 | 1172.5 |
               +--------+--------+--------+--------+--------+-----+--------+

Top non-repeatable levels by time:
     D:1: 1860 daAuts
     D:2: 485 daAuts
